[Event "SixDays Budapest March GM-A 2023"]
[Site "Budapest"]
[Date "2023.03.24"]
[Round "1.1"]
[White "Horvath, Adam"]
[Black "Rosh Jain"]
[Result "1-0"]
[ECO "B20"]
[WhiteElo "2458"]
[BlackElo "2325"]
[Annotator "TA"]
[PlyCount "93"]
[EventDate "2023.03.24"]
[EventType "tourn"]
[EventCountry "HUN"]
[SourceTitle "playchess.com"]
[Source "ChessBase"]
[SourceQuality "1"]
[TimeControl "5400+30"]

1. e4 c5 2. Ne2 d6 3. g3 Nf6 4. Bg2 a6 5. c3 Nc6 6. O-O {[%emt 0:03:36] B20: Sicilian: Unusual White 2nd moves.} e6 7. d4 Be7 8. h3 {[%emt 0:06:51] [#] White is slightly better.} Qc7 $146 ({Predecessor:} 8... O-O 9. Be3 Rb8 10. Nd2 Qc7 11. f4 e5 12. fxe5 dxe5 13. d5 Nd8 14. g4 b5 {1-0 Kubicka,A (2210)-Eynullayev,A (2227) Titled Tuesday intern op 08th June blitz 2021 (4)}) 9. d5 exd5 10. exd5 Ne5 11. g4 h6 12. Ng3 Bd7 13. Na3 O-O-O (13... Ng6 $11) 14. b4 (14. Rb1 $14) 14... c4 {[%emt 0:23:20] [#]} 15. b5 $1 axb5 (15... Qa5 16. bxa6) 16. Rb1 Qa5 {[%emt 0:01:58] [#]} 17. Nf5 $1 Bf8 {[%emt 0:01:56] Loses the game.} (17... Bxf5 $16 18. gxf5 Nd3) 18. Nd4 $18 Qa4 19. Naxb5 ({Don't take} 19. Ndxb5 Qa6 20. Be3 Bxb5 $18) 19... Qxd1 20. Rxd1 Bxb5 21. Nxb5 Kb8 22. Be3 Be7 (22... Nfd7 {is a better defense.} 23. Na7 Re8) 23. Rb4 g5 $2 (23... Nfd7 24. f4 Nd3 25. Ba7+ (25. Rxc4 Nb2 $16) 25... Kc8 26. Rxc4+ N3c5) 24. Rdb1 Rd7 25. Ba7+ Kc8 26. Bd4 Kd8 27. Na7 Ke8 28. Rxb7 Rxb7 29. Rxb7 Nfd7 30. Nc6 Bf6 31. a4 Kf8 32. a5 Kg7 33. a6 Ra8 34. a7 Kg6 35. Be4+ Kg7 36. Nxe5 dxe5 37. Be3 {[%emt 0:00:13] A strong pair of Bishops.} Nf8 38. d6 {[%emt 0:00:58][%cal Ob7f7] White wants to mate with Rxf7+!} Rd8 39. Rb8 {[%emt 0:00:29] White mates.} Rxd6 40. a8=Q Be7 41. Kg2 Rd1 42. Re8 Bd6 43. Bc2 Rd3 44. Bxd3 cxd3 45. Qd5 e4 46. Bd4+ Kh7 47. Qxf7# {[%emt 0:00:07] Weighted Error Value: White=0.07 (flawless) /Black=0.40} 1-0

[Event "SixDays Budapest March GM-A 2023"]
[Site "Budapest"]
[Date "2023.03.24"]
[Round "1.2"]
[White "Kushagra Mohan"]
[Black "Pap, Misa"]
[Result "1-0"]
[ECO "C78"]
[WhiteElo "2396"]
[BlackElo "2403"]
[Annotator "TA"]
[PlyCount "101"]
[EventDate "2023.03.24"]
[EventType "tourn"]
[EventCountry "HUN"]
[SourceTitle "playchess.com"]
[Source "ChessBase"]
[SourceQuality "1"]
[TimeControl "5400+30"]

1. e4 e5 2. Nf3 Nc6 3. Bb5 a6 4. Ba4 Nf6 5. O-O Bc5 6. c3 O-O 7. d4 Bb6 8. Re1 d6 9. h3 h6 10. Bxc6 {[%emt 0:10:32] C65: Ruy Lopez: Berlin Defence (3...Nf6), unusual lines and 4 0-0 Bc5.} bxc6 11. dxe5 dxe5 12. Qa4 {[%emt 0:00:32] [#] The position is equal.} Qd6 $146 ({Predecessor:} 12... Re8 13. Na3 Nh5 14. Qxc6 Bxh3 15. Nc4 Bd7 16. Qd5 Nf6 17. Qd3 Ng4 18. Be3 Bxe3 19. Nxe3 {½-½ Anokhin,Y (2428)-Woelfelschneider,P (2404) WLS/SRCCC/21/D1 2021 [1]}) 13. Na3 Nd7 ({Resist} 13... Qc5 14. Be3 Qe7 15. Nc4 $16 (15. Qxc6 Rb8 $11)) 14. Nc4 Qf6 15. Be3 (15. Nxb6 {simplifies} cxb6 16. Be3 Rb8 17. Kh2) 15... Re8 16. Rad1 Rb8 (16... a5 $11) 17. Qa3 $14 {[%emt 0:05:14] White has more active pieces. The black rooks are badly placed.} Bxe3 18. Rxe3 ({Of course not} 18. Nxe3 Nf8 $11) 18... Rb5 19. Na5 Nf8 20. c4 Rb8 21. Nb3 (21. Kh2 {feels hotter.} Ng6 22. Rd2 Nf4 23. Qc3) 21... Ng6 22. Nc5 (22. Kh2 {with more complications.} Nf4 23. Nc5 g5 24. Rd2) 22... Nf4 23. Ne1 {[%emt 0:01:58] A dynamic duo of knights.} (23. Nxa6 $2 Ra8 24. Nxc7 Rxa3 25. Nxe8 Qg6 $19) (23. Kh2 {looks sharper.} a5 24. Rd2 Ra8 25. Qa4) 23... Be6 24. Qc3 (24. Nxa6 $2 {too greedy.} Ra8 25. Nxc7 Rxa3 26. Nxe8 Qe7 27. Rxa3 Qxe8 $19) 24... Rbd8 25. Rxd8 Rxd8 26. Ncd3 Rd4 27. b3 Qg5 {[%emt 0:03:32][%cal Od4d3] Threatens to win with ...Rxd3!} 28. Nxf4 Qxf4 29. Nd3 Qg5 30. Qa5 Qd8 31. Nxe5 Rd1+ 32. Re1 Bxh3 $2 {[%emt 0:02:05][%mdl 8192] A mistake that costs the game.} 33. gxh3 $18 Rxe1+ 34. Qxe1 Qg5+ 35. Ng4 h5 {[#]} 36. f4 $1 Qxf4 37. Qe3 Qd6 38. Nf2 Qg6+ 39. Kf1 Qf6 40. Qd2 Qe5 41. Kg2 a5 (41... g6 $142 42. Qe3 Kg7) 42. Qd8+ Kh7 43. Qd7 Qg5+ 44. Kf3 Qc1 45. Qxf7 Qc3+ 46. Kg2 Kh6 47. Qxc7 Qf6 48. Qxa5 Qg5+ 49. Qxg5+ {[%emt 0:00:04] White mates.} Kxg5 50. a4 c5 51. a5 {Weighted Error Value: White=0.08 (flawless) /Black=0.37} 1-0

[Event "SixDays Budapest March GM-A 2023"]
[Site "Budapest"]
[Date "2023.03.24"]
[Round "1.3"]
[White "Leszko, Bence"]
[Black "Arfan, Aditya Bagus"]
[Result "1/2-1/2"]
[ECO "B11"]
[WhiteElo "2283"]
[BlackElo "2374"]
[Annotator "TA"]
[PlyCount "86"]
[EventDate "2023.03.24"]
[EventType "tourn"]
[EventCountry "HUN"]
[SourceTitle "playchess.com"]
[Source "ChessBase"]
[SourceQuality "1"]
[TimeControl "5400+30"]

1. e4 c6 2. Nf3 d5 3. Nc3 Bg4 4. h3 Bxf3 5. Qxf3 e6 6. d4 dxe4 7. Qxe4 {[%emt 0:00:08] B11: Caro-Kann: Two Knights Variation.} Nf6 8. Qd3 Bd6 9. Bd2 {[%emt 0:04:00] White has an edge.} Nbd7 {[%emt 0:02:40] [#]} 10. Ne4 $146 ({Predecessor:} 10. O-O-O Qc7 11. g3 O-O-O 12. Bg2 Kb8 13. Rhe1 Nb6 14. Ne4 Nxe4 15. Rxe4 e5 16. dxe5 Bxe5 {0-1 Hou,Y (2649)-Brunello,S (2566) Douglas IoM op 2016 (9)}) 10... Be7 11. Be2 O-O 12. Nxf6+ Bxf6 13. O-O c5 14. Be3 cxd4 15. Bxd4 Qc7 16. Bxf6 Nxf6 17. Bf3 Rfd8 18. Qb3 Rac8 19. c3 b6 20. Rfd1 Nd7 21. Qc2 g6 22. Qe4 Nc5 23. Qe2 Na4 24. Qb5 Qf4 25. Bb7 Rb8 26. Rxd8+ Rxd8 27. g3 Qc7 {[%emt 0:00:29] ...Nxb2 is the strong threat.} 28. Qxa4 {[%emt 0:00:06] [#] Hoping for Bf3.} Qxb7 29. Rd1 Rxd1+ 30. Qxd1 $11 {[%emt 0:00:07][%mdl 4096] Endgame KQ-KQ} Qe4 31. h4 Kg7 32. b3 h6 33. c4 Kf6 34. Qc1 h5 35. b4 Ke7 36. a3 Qd4 37. Qg5+ Kd7 38. Qb5+ Kc7 $2 {[%emt 0:09:59] [#]} ({Black should try} 38... Ke7 $11) 39. Qa6 (39. Qa4 $16) 39... Kb8 {[%emt 0:00:48] The position is equal.} 40. a4 (40. Qa4 $5 Qd8 41. Qc6 $11) 40... Qd1+ 41. Kg2 Qd7 42. Kg1 Qd1+ 43. Kg2 Qd7 {[%emt 0:00:05] Weighted Error Value: White=0.10 (very precise) /Black=0.09 (flawless)} 1/2-1/2

[Event "SixDays Budapest March GM-A 2023"]
[Site "Budapest"]
[Date "2023.03.24"]
[Round "1.4"]
[White "Berczes, David"]
[Black "Sammed Jaykumar, Shete"]
[Result "1-0"]
[ECO "A49"]
[WhiteElo "2427"]
[BlackElo "2454"]
[Annotator "TA"]
[PlyCount "119"]
[EventDate "2023.03.24"]
[EventType "tourn"]
[EventCountry "HUN"]
[SourceTitle "playchess.com"]
[Source "ChessBase"]
[SourceQuality "1"]
[TimeControl "5400+30"]

1. d4 Nf6 2. Nf3 g6 3. g3 Bg7 4. Bg2 O-O 5. O-O d6 6. a4 Nbd7 7. a5 Rb8 {[%emt 0:01:07] A49: 1 d4 Nf6 2 Nf3 g6 3 g3: Anti-King's Indian systems.} 8. Nc3 c5 9. e4 cxd4 {[%emt 0:02:37] White has an edge.} 10. Nxd4 Ne5 11. h3 {[%emt 0:07:08] [#]} Bd7 $146 ({Predecessor:} 11... Nc6 12. Nb3 Nd7 13. Be3 Nde5 14. Qe2 Be6 15. Nd5 f5 16. exf5 Bxf5 17. f4 Nf7 {1-0 Tosic,M (2389)-Lazov,T (2290) Palic Karadzic Memorial op 2016 (8)}) 12. Nd5 Nc4 13. Qd3 Nxd5 14. Qxc4 Nc7 15. Rd1 Ne6 16. Be3 Nc5 17. b4 Ne6 18. Qd3 b6 19. axb6 axb6 20. Ra7 b5 21. c3 Nc7 22. Nb3 {[%emt 0:02:43] White is much more active.} Ne6 23. Nd4 (23. h4 $14) 23... Qc8 (23... Nc7 $1 $11) 24. h4 $14 Nd8 25. h5 e5 {[%emt 0:03:08] White now steadily converts the win.} (25... Re8 $14) 26. h6 Bf6 (26... exd4 $16 {was necessary.} 27. hxg7 Re8) 27. Nf5 $18 (27. Nf3 $6 Nb7 28. Rda1 Be6) 27... Nb7 (27... gxf5 $2 28. Qxd6 Be6 29. exf5 $18) (27... Bxf5 {might work better.} 28. exf5 Qxf5 29. Qxf5 (29. Qxd6 Ne6 $16) 29... gxf5 30. Rxd6 Ne6) 28. Nxd6 Nxd6 29. Qxd6 Be6 {[%emt 0:00:02] Black is weak on the dark squares} 30. Rc7 Qe8 {[%emt 0:00:46] [#] ...Rd8 is the strong threat.} 31. Qc6 $40 {[%emt 0:00:41][%mdl 128] Black is in trouble.} (31. Bc5 $2 Rd8 32. Qxf8+ Qxf8 33. Bxf8 Rxd1+ 34. Bf1 Kxf8 $19) 31... Qxc6 32. Rxc6 Rfc8 33. Rxc8+ Rxc8 34. Bf1 Rxc3 35. Bc5 {[%emt 0:01:02] Wards off Be7. Black must now prevent Ra1.} (35. Bxb5 $6 Be7 $16) 35... Bg5 $2 (35... Rc2 36. Ra1 Ra2 37. Rxa2 Bxa2 38. Bxb5 Bg5) 36. Ra1 {[%emt 0:00:31] Threatening mate with Ra8+.} (36. Bxb5 Rc1 37. Rxc1 Bxc1 $18) 36... Bxh6 37. Ra8+ (37. Bxb5 Bd2 $14) 37... Kg7 38. Bf8+ {[%emt 0:00:07][%mdl 64] [#] Skewer, Deflection} ({Weaker is} 38. Bxb5 Bd2 $11) 38... Kf6 {[%emt 0:00:03] And now ...Bxf8 would win.} 39. Bxh6 Rb3 40. Bd2 ({Less strong is} 40. Bxb5 Rxb4 41. Bd3 Rd4 $18) 40... Bg4 41. Ra6+ Kg7 42. Bg2 Rb1+ 43. Kh2 Rb2 44. Be1 {[%emt 0:00:58] aiming for Bc3.} f6 45. Ra7+ Kh6 46. Ra1 g5 47. Kg1 Kg6 48. f3 Be6 49. Bf1 Rb3 50. Be2 h5 51. Rc1 {[%emt 0:00:27] Inhibits Bc4.} ({Don't do} 51. Bxb5 Rxf3 52. Ra7 Rb3 53. Be8+ Kh6 $18) 51... g4 52. fxg4 hxg4 53. Bxb5 Rb2 54. Bc4 Bxc4 55. Rxc4 {[%emt 0:00:02] KRB-KR} f5 56. exf5+ Kxf5 57. Bc3 Rc2 58. b5 Rc1+ 59. Kf2 {[%emt 0:00:05] White wants to mate with b6.} Rc2+ 60. Ke1 {[%emt 0:00:26] Weighted Error Value: White=0.19 (very precise) /Black=0.52} 1-0

[Event "SixDays Budapest March GM-A 2023"]
[Site "Budapest"]
[Date "2023.03.24"]
[Round "1.5"]
[White "Pfreundt, Jakob"]
[Black "Bodi, Tibor"]
[Result "1/2-1/2"]
[ECO "B15"]
[WhiteElo "2407"]
[BlackElo "2356"]
[Annotator "TA"]
[PlyCount "79"]
[EventDate "2023.03.24"]
[EventType "tourn"]
[EventCountry "HUN"]
[SourceTitle "playchess.com"]
[Source "ChessBase"]
[SourceQuality "1"]
[TimeControl "5400+30"]

1. e4 c6 2. d4 d5 3. Nc3 dxe4 4. Nxe4 Nf6 5. Nxf6+ exf6 6. Bc4 Bd6 7. Qe2+ Qe7 8. Qxe7+ Kxe7 9. Ne2 Be6 10. Bd3 {[%emt 0:00:13] B15: Caro-Kann: 3 Nc3: 3...g6 and 3...dxe4 4 Nxe4 Nf6 5 Nxf6+ exf6.} Nd7 11. c4 {[%emt 0:00:37] [#]} c5 $146 ({Predecessor:} 11... Nf8 12. Bf4 Ng6 13. Bxd6+ Kxd6 14. O-O-O Rad8 15. g3 Rhe8 16. Nc3 Bg4 17. Rde1 Bf3 {½-½ Lintchevski,D (2561)-Trakru,R (1987) Titled Tuesday intern op 03rd Aug blitz 2021 (1)}) 12. d5 {[%emt 0:09:11] White is slightly better.} Ne5 13. Bc2 Bd7 14. b3 Rhe8 15. h3 (15. Bxh7 $2 g6 16. Kd2 Rh8 $19) (15. f4 $5 Ng6 16. O-O $16) 15... Kd8 16. Be3 (16. Bxh7 g6 17. Kd2 Rh8 $15) 16... Kc7 17. a4 (17. Bxh7 g6 $11) 17... a6 18. a5 (18. Bxh7 g6 $15) 18... Re7 (18... Ng6 $14) 19. O-O-O ({Worse is} 19. Bxh7 g6 20. Kd2 Rh8 $17) (19. b4 $1 $16 ) 19... Rae8 $14 20. Nf4 (20. Bxh7 $2 g6 21. Ng3 Rh8 $17) 20... Kb8 ({Black should play} 20... g6 $14) 21. Nh5 $16 (21. Bxh7 $2 {perishes.} g6 22. h4 Rh8 23. Bxg6 fxg6 $19) 21... Rg8 22. Rhe1 (22. Bxh7 $2 {too greedy.} Rh8 23. Nxf6 gxf6 $19) 22... Ng6 23. Bxg6 hxg6 24. Bf4 Be5 25. Bxe5+ Rxe5 26. Nf4 {[%emt 0:00:50] And now Nd3 would win.} Bf5 27. Kd2 Kc7 28. Nd3 Bxd3 29. Kxd3 {[%emt 0:00:01][%mdl 4096] Endgame KRR-KRR} Rge8 30. Re3 Rxe3+ 31. fxe3 {[%emt 0:00:02] KR-KR} f5 (31... Rb8 $142) 32. Rf1 Kd6 33. Rf4 Ke5 34. Rf1 (34. Rf2 $16) 34... g5 $2 {[%emt 0:03:48] [#]} (34... Kd6 $11) 35. b4 $1 cxb4 36. Rb1 Kd6 {[%emt 0:01:30] Hoping for ...Kc5.} 37. Rxb4 Re7 38. Kd4 Re4+ 39. Kd3 Re7 40. Kd4 {[%emt 0:01:40] Weighted Error Value: White=0.24 (precise) /Black=0.25 (precise)} (40. Rb6+ $16 Ke5 41. Rb2) 1/2-1/2

[Event "SixDays Budapest March GM-A 2023"]
[Site "Budapest"]
[Date "2023.03.25"]
[Round "2.1"]
[White "Rosh Jain"]
[Black "Bodi, Tibor"]
[Result "1/2-1/2"]
[ECO "B09"]
[WhiteElo "2325"]
[BlackElo "2356"]
[Annotator "TA"]
[PlyCount "106"]
[EventDate "2023.03.24"]
[EventType "tourn"]
[EventCountry "HUN"]
[SourceTitle "playchess.com"]
[Source "ChessBase"]
[SourceQuality "1"]
[TimeControl "5400+30"]

1. e4 g6 2. d4 Bg7 3. Nc3 d6 4. f4 Nf6 5. Nf3 O-O 6. e5 Nfd7 7. Bc4 Nb6 {[%emt 0:00:12] 7...c5 is more fashionable.} 8. Bb3 Nc6 9. Be3 {[%emt 0:01:32] B09: Pirc Defence: Austrian Attack.} Na5 10. Qe2 d5 {[%emt 0:02:37] [#]} 11. Nd2 $146 {[%emt 0:01:46] White is slightly better.} ({Predecessor:} 11. O-O Bg4 12. h3 Bxf3 13. Rxf3 Nxb3 14. axb3 f5 15. Bf2 e6 16. Qe1 Qd7 17. Ne2 {½-½ Hamann,C (2114)-Neumann,F (2028) Oberliga Nord N 1415 2014 (1.7)}) 11... Qd7 12. h3 Qc6 13. g4 Nac4 14. Bxc4 (14. O-O-O $16) 14... dxc4 $14 15. O-O-O f5 {[%emt 0:03:23] Inhibits Nde4.} 16. Nf3 Nd5 $1 ({Don't play} 16... fxg4 17. hxg4 Bxg4 18. d5 $16) 17. Nxd5 Qxd5 18. Nh4 b5 19. gxf5 Rxf5 20. Qf3 {[%emt 0:08:52] Inhibits Rh5.} (20. Nxf5 $11 Bxf5 21. Kb1) 20... Qxf3 $15 21. Nxf3 Bb7 22. d5 {[%emt 0:01:13] [#]} c5 {[%emt 0:23:11] Against Nd4} 23. dxc6 (23. Ng5 {is interesting.} Rd8 24. Bxc5 Bxd5 25. Bxe7 Rd7 26. Ba3) 23... Bxc6 24. Nd4 Bxh1 25. Nxf5 gxf5 26. Rxh1 $11 {[%emt 0:00:09][%mdl 4096] Endgame KRB-KRB} Kf7 27. Rd1 Ke6 {[%emt 0:00:22] Wards off Rd5} 28. Rd2 Bh6 29. Rd4 Rg8 30. a4 a6 31. axb5 axb5 32. b3 cxb3 (32... Rg3 $5 33. Kd2 $8 cxb3 34. cxb3 Rxh3 $11) 33. cxb3 Rg3 34. Kd2 Rxh3 35. Rb4 Kd5 36. Rd4+ Kc6 37. Ke2 Rh2+ 38. Kf3 Bg7 39. Rd8 Rh3+ 40. Kf2 Rh6 41. Kf3 Rg6 42. Rb8 e6 43. Rb6+ Kc7 44. Rxb5 h5 45. Rc5+ Kd7 46. Rc2 {[%emt 0:04:38] Strongly threatening b4.} (46. b4 $5 h4 47. b5 Rg3+ 48. Ke2 Rg2+ 49. Bf2 $11) 46... h4 {[%emt 0:00:26] The position is equal.} 47. Rg2 Rxg2 48. Kxg2 {[%emt 0:00:05] KB-KB} Kc6 49. Kh3 Kd5 50. Kxh4 {[%emt 0:00:12] b4 would be deadly.} Ke4 51. Bc1 {[%emt 0:00:20] Black must now prevent b4.} Bh6 52. Kg3 {[%emt 0:00:11] Hoping for b4.} Bf8 53. Bd2 Be7 {[%emt 0:02:01] Weighted Error Value: White=0.08 (flawless) /Black=0.08 (flawless)} 1/2-1/2

[Event "SixDays Budapest March GM-A 2023"]
[Site "Budapest"]
[Date "2023.03.25"]
[Round "2.2"]
[White "Sammed Jaykumar, Shete"]
[Black "Pfreundt, Jakob"]
[Result "1/2-1/2"]
[ECO "D02"]
[WhiteElo "2454"]
[BlackElo "2407"]
[Annotator "TA"]
[PlyCount "119"]
[EventDate "2023.03.24"]
[EventType "tourn"]
[EventCountry "HUN"]
[SourceTitle "playchess.com"]
[Source "ChessBase"]
[SourceQuality "1"]
[TimeControl "5400+30"]

1. Nf3 d5 2. d4 Nf6 3. c3 e6 4. Bf4 Bd6 5. e3 O-O 6. Nbd2 {[%emt 0:01:20] D02: 1 d4 d5 2 Nf3 sidelines, including 2...Nf6 3 g3 and 2...Nf6 3 Bf4.} Bxf4 7. exf4 b6 8. h4 c5 9. Bd3 Ba6 10. Bxa6 Nxa6 11. Qe2 {[%emt 0:00:09] [#]} Nb8 $146 ({Predecessor:} 11... Qc8 12. h5 h6 13. Nb3 cxd4 14. Nbxd4 Nc5 15. Ne5 Qa6 16. Qxa6 Nxa6 17. g4 Nc5 {1-0 Nihal,S (2654)-Sadhwani,R (2619) MPL Indian Chess Tour N2 rapid 2022 (15)}) 12. h5 Nc6 13. h6 {[%emt 0:02:08] Strongly threatening hxg7.} g6 14. Ne5 Rc8 15. Nxc6 Rxc6 16. Qe5 Ne8 17. Nf3 f6 18. Qe3 Qd7 19. O-O-O Nd6 20. Qe2 b5 21. dxc5 Rxc5 {[%emt 0:00:12] White should prevent ...b4.} 22. Rhe1 Re8 23. Kb1 Rc4 24. g3 a5 25. Nd2 Rcc8 26. Qd3 Qa7 27. Re2 b4 28. Rc1 (28. cxb4 $11 axb4 29. Rde1) 28... Kf7 29. Nf3 bxc3 30. Rxc3 Rxc3 31. Qxc3 Re7 32. Rc2 Nc4 (32... Qa6 $1 $11 {remains equal.}) 33. g4 (33. a4 $1 $16) 33... Qc7 $11 34. Qd4 {[%emt 0:00:08] Black must now prevent g5.} Qa7 (34... Qb7 $5 35. Qd3 e5 36. fxe5 fxe5 37. Ng5+ Kf6 $11) 35. Qd3 Qb7 $2 (35... Qc7 $11 36. f5 Qf4) 36. g5 $1 $18 fxg5 37. fxg5 (37. Nxg5+ $18 Ke8 38. Ka1) 37... e5 $1 $11 38. Nh2 (38. Nd2 {simplifies} Nxd2+ 39. Qxd2 Ke6 40. Qxa5 Kf5 41. Rc1) 38... e4 $1 $36 {[%emt 0:02:37][%mdl 2048] Black has some pressure.} 39. Qc3 Ne5 (39... Qb4 $11) 40. f4 (40. Qxa5 $16 Ke6 41. Nf1) 40... Nc4 $1 41. Ng4 {[%emt 0:00:54][%cal Of4f5] aiming for f5!} Ke6 (41... Qb4 $1 $11 {and Black has nothing to worry.} 42. Qg7+ Ke6 43. Qg8+ Kd6 44. Qd8+ Ke6 45. Qc8+ (45. Re2 $2 Qc5 $19) 45... Kf7) 42. Ka1 $2 (42. Qf6+ $18 Kd7 43. Rxc4 dxc4 44. Ne5+ Rxe5 45. Qxe5) 42... Qb4 $1 43. Qg3 (43. Qf6+ $11 Kd7 44. a3) 43... a4 (43... Qb6 $1 $17 {...Qd4 would be deadly.} 44. Nf6 Qd4 45. Qh3+ Kd6) 44. Ne3 Nxe3 (44... Qc5 {feels hotter.} 45. Rc3 a3 46. Nxc4 dxc4 47. Rxa3 Rd7) 45. Qxe3 {[%emt 0:00:04][%mdl 4096] Endgame Rc6+ is the strong threat. KQR-KQR} Kd6 {[%emt 0:00:50][%mdl 8192] [#] Dodges Rc6+} (45... Kf7 $11 {and Black stays safe.}) 46. a3 $1 $18 d4 47. Qc1 ({White must play} 47. Rd2 $18 Kc6 48. Rxd4 (48. Qxd4 $2 {loses.} Qxd4 {[%mdl 64] Remove Defender} 49. Rxd4 e3 $19)) 47... Qb6 48. f5 gxf5 49. g6 hxg6 50. Rh2 (50. Rg2 $11 {keeps the balance.} Kd5 51. Qc8) 50... Rh7 $17 {[%emt 0:00:23] Hoping for ...d3.} 51. Qc4 d3 52. Rh1 {[%emt 0:00:04][%mdl 8192] Wards off Qg1+} (52. Qg8 $17 Qg1+ 53. Ka2) 52... Ke5 $2 (52... Rb7 53. Qc3 Rh7 54. Qf6+ Kc7 55. Qe5+ Kb7 56. Rc1 $11) (52... d2 $19 {and Black stays clearly on top.} 53. Qg8 Qc7 54. Qxg6+ Ke5 55. Qe8+ Re7 56. Qb5+ Kf6) 53. Qg8 {[%emt 0:00:30] [#]} Qc7 54. Qxg6 $2 (54. Qe8+ $1 $15 Kd4 55. Qxa4+ Ke3 56. Re1+ Kf3 57. Qd1+ Kf4 58. Qd2+ Ke5 59. Rc1) 54... d2 $19 ({Inferior is} 54... Qd7 55. Qg3+ Kd5 56. Qg8+ Qf7 57. Qd8+ Ke6 58. Rc1 $11) 55. Kb1 {[%emt 0:00:23] Against Qc1+} Qd7 56. Qg3+ Ke6 57. Kc2 Qc6+ (57... Qc8+ $142 58. Qc3 Rc7) 58. Kb1 Qd7 (58... Rc7 $142 59. Qg8+ Ke5) 59. Kc2 $1 Qc6+ (59... Qc8+ $142 60. Qc3 Rc7) 60. Kb1 $1 {[%emt 0:00:04][%mdl 32768] What a fight!   Weighted Error Value: White=0.53/Black=0.71. An unexpected result.} 1/2-1/2

[Event "SixDays Budapest March GM-A 2023"]
[Site "Budapest"]
[Date "2023.03.25"]
[Round "2.3"]
[White "Arfan, Aditya Bagus"]
[Black "Berczes, David"]
[Result "1/2-1/2"]
[ECO "A05"]
[WhiteElo "2374"]
[BlackElo "2427"]
[Annotator "TA"]
[PlyCount "85"]
[EventDate "2023.03.24"]
[EventType "tourn"]
[EventCountry "HUN"]
[SourceTitle "playchess.com"]
[Source "ChessBase"]
[SourceQuality "1"]
[TimeControl "5400+30"]

1. Nf3 Nf6 2. c4 b6 3. g3 Bb7 4. Bg2 g6 5. b3 Bg7 6. Bb2 O-O 7. O-O c5 8. Nc3 Na6 {[%emt 0:04:54][%cal Bb8a6,Ba6c7,Bc7d5][%mdl 32] 8...d5 gains popularity.} 9. e3 Ne4 {[%emt 0:15:10] A30: Symmetrical English: Double Fianchetto and Hedgehog.} 10. d4 Nxc3 11. Bxc3 {[%emt 0:00:37] [#]} d5 $146 {[%emt 0:06:03] The position is equal.} ({Predecessor:} 11... Be4 12. Rc1 d6 13. d5 Bxc3 {½-½ Tuomainen,F (2215)-Haug,J (2355) Nordic-ch U20 2018 (5)}) 12. Ne5 cxd4 13. Qxd4 Nc7 14. Qd2 Qc8 15. cxd5 Nxd5 {[%emt 0:00:15][%mdl 64] [#] Discovered Attack} 16. Bd4 f6 17. Rac1 Qe8 {[%emt 0:00:05] Black is weak on the light squares} 18. Bb2 {[%emt 0:03:16] White has more active pieces.} (18. Nc4 $5 ) 18... Rd8 {[%emt 0:02:17] White must now prevent ...Nf4.} 19. e4 {[%emt 0:00:17] [#] Nd3 is the strong threat.} Nc7 20. Qc2 (20. Qe3 $5 Ne6 21. Nd3 $14) 20... Nb5 21. Nc6 Bxc6 22. Qc4+ Kh8 {[%emt 0:00:18][%cal Od8d2] aiming for ...Rd2!} 23. Qxc6 Qxc6 24. Rxc6 Rd2 25. Rb1 Rfd8 (25... f5 $5 26. e5 f4 $11) 26. a4 Nd4 27. Bxd4 R2xd4 28. Rc7 R4d7 29. Rbc1 $36 {[%emt 0:01:08][%mdl 2048] Rxd7 would be deadly. White is pushing.} Bf8 30. Bh3 Rxc7 31. Rxc7 $14 {[%emt 0:00:01][%mdl 4096] Endgame KRB-KRB} Rd1+ 32. Kg2 e5 33. Rxa7 Bc5 34. Rf7 Rd4 35. Rxf6 Rxe4 (35... Kg7 $16 36. Rc6 Rd2) 36. Be6 (36. Rc6 $18 {and the rest is easy.}) 36... Rd4 37. Bc4 {[%emt 0:00:43] Hoping for Rc6.} Rd2 38. Kf1 Rb2 39. Rf7 Rb1+ 40. Kg2 Rb2 $1 41. Kf1 Rb1+ 42. Kg2 Rb2 $1 43. Kf1 {[%emt 0:00:06] Weighted Error Value: White=0.10 (very precise) /Black=0.07 (flawless)} 1/2-1/2